Map: Ruins of Endion

Players

Miszu - Winner!

  • Race: Protoss Protoss
  • League: Master

Chrankon

  • Race: Terran Terran
  • League: Master

VOD

Have the link to the VOD?

Description

Time

  • Played on: April 3, 2016, 10:21 a.m.
  • Length: 12:55
Show
View Real Time Build Order
Export as new Build Order

Miszu Protoss - Winner!

Build Orders: Double Forge, Oracle Opening 

Get SALT Encoding   

  12  0:01  Probe (Chrono Boost)  
  13  0:12  Probe (Chrono Boost)  
  14  0:22  Pylon  
  14  0:23  Probe (Chrono Boost)  
  15  0:40  Probe (Chrono Boost)  
  15  0:41  Gateway  
  16  0:44  Assimilator  
  16  0:51  Probe (Chrono Boost)  
  17  1:02  Probe (Chrono Boost)  
  18  1:07  Pylon  
  18  1:12  Probe (Chrono Boost)  
  19  1:23  Probe (Chrono Boost)  
  20  1:29  Cybernetics Core  
  20  1:33  Probe (Chrono Boost)  
  21  1:44  Probe (Chrono Boost)  
  22  1:53  Nexus  
  22  1:59  Probe (Chrono Boost)  
  23  2:02  Assimilator  
  23  2:12  Stargate  
  23  2:14  Probe (Chrono Boost)  
  24  2:25  Pylon  
  24  2:27  Probe (Chrono Boost)  
  25  2:31  Adept  
  27  2:37  Warp Gate  
  27  2:38  Probe (Chrono Boost)  
  28  2:49  Probe (Chrono Boost)  
  29  2:58  Oracle (Chrono Boost)  
  32  2:59  Probe (Chrono Boost)  
  33  3:06  Probe  
  33  3:11  Probe  
  35  3:15  Mothership Core  
  37  3:23  Probe  
  38  3:35  Probe x2  
  40  3:41  Nexus  
  40  3:45  Probe  
  40  3:47  Probe  
  42  3:56  Probe  
  42  4:00  Probe  
  42  4:01  Oracle (Chrono Boost)  
  47  4:06  Probe  
  47  4:09  Robotics Facility  
  48  4:12  Pylon, Probe  
  49  4:24  Gateway  
  49  4:27  Gateway  
  49  4:28  Probe x2  
  51  4:38  Pylon  
  51  4:40  Probe  
  51  4:45  Probe  
  52  4:51  Forge  
  53  4:52  Forge  
  53  4:59  Probe  
  53  5:00  Probe  
  53  5:02  Observer  
  56  5:16  Probe x2  
  56  5:17  Probe  
  56  5:18  Assimilator x2  
  59  5:23  Immortal  
  59  5:26  Probe  
  64  5:28  Pylon  
  64  5:29  Probe  
  64  5:30  Protoss Ground Weapons Level 1, Protoss Ground Armor Level 1  
  64  5:33  Gateway  
  65  5:35  Gateway  
  65  5:36  Gateway  
  65  5:38  Gateway  
  68  5:45  Adept x2  
  69  5:51  Twilight Council  
  69  5:57  Adept  
  69  6:00  Pylon  
  71  6:08  Adept x2  
  63  6:21  Probe x2  
  63  6:22  Probe  
  66  6:31  Adept x2  
  66  6:32  Adept  
  69  6:34  Probe  
  69  6:35  Probe x2  
  68  6:46  Probe x2  
  63  6:47  Mothership Core  
  60  6:56  Probe  
  60  6:58  Immortal, Probe  
  66  7:02  Adept  
  66  7:06  Probe  
  66  7:07  Probe  
  66  7:08  Pylon  
  69  7:10  Probe  
  71  7:16  Pylon  
  71  7:18  Probe x2  
  74  7:22  Probe  
  74  7:29  Adept  
  76  7:30  Adept x2, Resonating Glaives (Chrono Boost), Probe x2  
  76  7:31  Sentry  
  76  7:35  Probe  
  76  7:36  Protoss Ground Weapons Level 2  
  85  7:40  Protoss Ground Armor Level 2  
  85  7:42  Probe  
  85  7:43  Probe  
  87  7:47  Probe  
  88  7:59  Pylon  
  88  8:03  Pylon  
  88  8:07  Pylon  
  88  8:14  Pylon  
  88  8:17  Probe x3  
  91  8:21  Immortal  
  91  8:24  Stargate  
  91  8:25  Pylon  
  95  8:30  Probe x3  
  95  8:32  Adept x3  
  95  8:33  Stalker x4  
  112  8:47  Pylon  
  112  8:49  Assimilator  
  112  8:51  Assimilator  
  112  8:54  Gateway  
  112  8:55  Gateway  
  112  8:57  Gateway  
  112  8:59  Blink (Chrono Boost)  
  112  9:00  Gateway  
  112  9:02  Stalker x2  
  116  9:03  Stalker x2  
  116  9:04  Stalker  
  122  9:11  Adept x2  
  119  9:29  Adept, Pylon  
  121  9:34  Adept x2  
  125  9:45  Adept x4  
  132  10:03  Adept x2  
  132  10:04  Adept  
  135  10:14  Adept x3  
  137  10:16  Pylon  
  133  10:29  Adept x3  
  133  10:30  Adept  
  141  10:45  Stalker  
  141  10:46  Stalker x2  
  147  10:51  Templar Archives  
  113  11:22  Adept x3  
  113  11:23  Adept x4  
  113  11:24  Stalker x4  
  123  11:32  Void Ray  
  127  11:34  Immortal  
  123  12:05  Stalker x4  
  123  12:06  Zealot x7  
  145  12:13  Immortal  
  136  12:49  Adept  
  136  12:50  Adept  
Show
View Real Time Build Order
Export as new Build Order

Chrankon Terran 

Build Orders: Command Center First (CC), MMM Bio 

Get SALT Encoding   

  12  0:00  SCV  
  13  0:13  SCV  
  14  0:19  Supply Depot  
  14  0:25  SCV  
  15  0:40  SCV  
  16  0:57  Command Center  
  16  1:06  SCV  
  17  1:12  Barracks  
  17  1:18  SCV  
  18  1:27  Barracks  
  18  1:31  SCV  
  19  1:43  Barracks  
  19  1:52  SCV  
  20  2:00  Marine  
  21  2:05  Orbital Command  
  21  2:14  Orbital Command  
  21  2:21  Marine  
  21  2:22  Marine  
  23  2:25  Refinery  
  23  2:31  Refinery  
  23  2:34  SCV  
  24  2:38  Marine  
  25  2:44  SCV  
  25  2:46  SCV  
  27  2:54  Marine x2  
  27  2:58  SCV  
  30  2:59  Supply Depot  
  30  3:00  Marine  
  30  3:03  SCV  
  32  3:10  SCV  
  32  3:12  Marine  
  34  3:15  Supply Depot, Barracks Tech Lab  
  34  3:16  SCV  
  35  3:21  Marine  
  35  3:22  SCV  
  37  3:28  SCV  
  37  3:29  Marine  
  39  3:34  SCV  
  39  3:36  Stimpack  
  39  3:38  Factory  
  39  3:40  SCV  
  41  3:46  Marine x2, SCV  
  41  3:47  Marine  
  40  3:59  SCV  
  39  4:05  SCV  
  40  4:11  Engineering Bay, SCV  
  40  4:13  Barracks Reactor  
  40  4:15  Barracks Reactor  
  41  4:17  SCV  
  41  4:23  SCV  
  43  4:29  SCV  
  43  4:36  SCV  
  44  4:40  Marine  
  44  4:41  SCV  
  44  4:42  Starport  
  46  4:46  Missile Turret  
  46  4:48  SCV, Missile Turret  
  46  4:52  Supply Depot  
  47  4:53  Marine, SCV  
  47  4:58  Marine  
  48  5:00  SCV  
  48  5:12  Marine x4, SCV  
  52  5:15  Marine  
  52  5:17  SCV  
  54  5:22  Starport Reactor  
  54  5:24  SCV  
  55  5:29  Marine x2, SCV  
  55  5:30  Marine x2  
  55  5:33  Marine  
  61  5:36  SCV, Combat Shields  
  62  5:45  SCV  
  62  5:46  Supply Depot  
  62  5:47  Marine x2  
  62  5:48  SCV  
  62  5:49  Supply Depot  
  66  5:51  Marine  
  66  5:53  Marine x2  
  67  6:00  SCV  
  68  6:05  Marine x2  
  63  6:12  SCV  
  63  6:15  Marine x3  
  63  6:16  Medivac x2  
  69  6:23  Marine  
  69  6:25  Marine  
  70  6:33  Marine x3  
  73  6:41  Marine  
  73  6:43  Marine  
  73  6:46  Medivac  
  72  6:51  Marine  
  72  6:53  Marine x2  
  65  6:54  Medivac  
  65  6:59  Marine  
  65  7:01  Marine  
  68  7:09  Marine  
  68  7:11  Marine x2  
  71  7:16  Marine, Medivac  
  71  7:19  Marine  
  75  7:26  Marine  
  75  7:29  Marine x2  
  78  7:30  Medivac  
  78  7:34  Marine  
  78  7:36  Marine  
  81  7:40  Command Center  
  81  7:41  Barracks x2  
  81  7:44  Marine  
  81  7:46  Marine, Medivac  
  82  8:03  Marine x4  
  82  8:04  Marine  
  86  8:18  Medivac x2  
  84  8:21  Marine x4  
  84  8:22  Marine  
  84  8:25  Supply Depot  
  84  8:26  Refinery  
  89  8:27  Refinery  
  89  8:28  Supply Depot, SCV x2  
  88  8:38  Marine  
  88  8:39  Marine x2  
  88  8:40  SCV  
  94  8:46  Factory Reactor  
  94  8:47  Barracks Reactor  
  92  8:48  Marine x2, Barracks Tech Lab  
  94  8:56  Marine x2  
  94  8:57  Marine  
  94  9:00  SCV  
  98  9:06  Marine x2  
  100  9:12  SCV  
  100  9:14  Marine x3  
  102  9:24  Marine  
  102  9:25  Marauder, SCV  
  102  9:26  Marine x2, Marauder  
  102  9:27  Widow Mine  
  102  9:29  Widow Mine  
  114  9:32  Marine x3  
  116  9:42  Marine  
  114  9:46  Marauder  
  114  9:47  Marine x2  
  114  9:48  Marauder  
  114  9:50  Marine x3  
  117  10:07  Marauder  
  117  10:08  Marine x4  
  117  10:09  Marauder  
  105  10:25  Marine x2  
  105  10:26  Marine x4  
  102  10:29  Marauder  
  102  10:31  Marauder  
  106  10:43  Marine x3  
  106  10:44  Marine x3, Widow Mine x2  
  113  10:50  Marauder  
  113  10:52  Marauder  
  115  11:01  Marine  
  100  11:12  Marauder  
  100  11:13  Marauder  
  100  11:14  Marine x4  
  100  11:15  Marine  
  93  11:18  Marine  
  90  11:32  Marine x2  
  92  11:33  Marauder  
  92  11:35  Marauder  
  95  11:40  Medivac x2  
  76  11:54  Marauder  
  76  11:56  Marauder  
  80  12:06  Marine x3  
  83  12:16  Marauder  
  83  12:18  Marauder  
Tags
 
Add a new tag
Caveats
  • Supply blocks, unpowered buildings, or Contaminate may cause inaccurate times.
  • Supply counts are checked every 10 seconds.